 Dungeon Crawl Stone Soup version 0.28-a0-1594-ga885d4b3d6 (webtiles) character file.

Game seed: 5743472025246783603

356075 grumblor the Warrior (level 22, -1/130 HPs)
             Began as a Vine Stalker Fighter on Jan 21, 2022.
             Was a High Priest of Sif Muna.
             Slain by a vault warden (16 damage)
             ... on level 3 of the Vaults.
             The game lasted 02:36:45 (48693 turns).

grumblor the Warrior (Vine Stalker Fighter)        Turns: 48693, Time: 02:36:46

Health: -1/130     AC: 35    Str: 28    XL:     22   Next: 33%
Magic:  0/43       EV: 16    Int:  8    God:    Sif Muna [*****.]
Gold:   2080       SH: 30    Dex: 16    Spells: 21/21 levels left

rFire   + . .      SeeInvis .   n - +3 war axe (vamp)
rCold   + . .      Faith    .   C - +5 tower shield {rF+}
rNeg    + . .      Spirit   +   P - +10 plate armour "Cues" {rN+}
rPois   .          Reflect  +   O - +0 helmet
rElec   .          Harm     .   G - +1 cloak {Will+}
rCorr   +          Rampage  .   m - +2 pair of gloves of Eternal Vigilance {rCorr}
Will    +++..                   X - +0 pair of boots of Goacve {rC+}
Stlth   ..........              j - amulet of reflection
HPRegen 1.11/turn               f - ring of magical power
MPRegen 0.28/turn               i - +4 ring of evasion

@: marked, channelling
A: fangs 3, regeneration 1, magic shield, antimagic bite, no potion heal 2
}: 2/15 runes: serpentine, barnacled
a: Renounce Religion, Channel Magic, Forget Spell, Divine Exegesis


You were on level 3 of the Vaults.
You worshipped Sif Muna.
Sif Muna was extremely pleased with you.
You visited 8 branches of the dungeon, and saw 38 of its levels.
You also visited: Bailey, Gauntlet and Ice Cave.

You collected 5208 gold pieces.
You spent 3128 gold pieces at shops.

Inventory:

Hand Weapons
 a - a +0 war axe of flaming
 n - a +3 vampiric war axe (weapon)
 F - a +6 vorpal war axe
Missiles
 o - 11 boomerangs of dispersal (quivered)
 w - 27 boomerangs
 H - 2 curare-tipped darts
 J - 12 throwing nets
 Y - 7 javelins
Armour
 m - the +2 pair of gloves of Eternal Vigilance (worn) {rCorr}
   (You found it in an ice cave)

   rCorr:     It protects you from acid and corrosion.
 C - a +5 tower shield of fire resistance (worn)
 G - a +1 cloak of willpower (worn)
 O - a +0 helmet (worn)
 P - the +10 plate armour "Cues" (worn) {rN+}
   (You found it on level 3 of the Lair of Beasts)

   rN:        It protects you from negative energy.
 X - the +0 pair of boots of Goacve (worn) {rC+}
   (You found it in a Gauntlet)

   rC:        It protects you from cold.
Jewellery
 f - a ring of magical power (left hand)
 i - a +4 ring of evasion (right hand)
 j - an amulet of reflection (around neck)
 q - a ring of flight
 s - a ring of poison resistance
 x - a ring of see invisible
 D - a ring of protection from fire
 T - the ring of Finality {Ice rN+ MP+9 Str-3 Dex+4}
   (You found it in a Gauntlet)

   [ring of ice]

   It enhances your ice magic.
   Str:       It affects your strength (-3).
   Dex:       It affects your dexterity (+4).
   rF:        It makes you vulnerable to fire.
   rC:        It protects you from cold.
   rN:        It protects you from negative energy.
   MP:        It affects your magic capacity (+9).
 Z - the amulet of Vitality {Regen+ HP+15}
   (You found it in a Gauntlet)

   [amulet of regeneration]

   HP:        It affects your health (+15).
   Regen:     It increases your rate of health regeneration.
Wands
 v - a wand of flame (25)
 y - a wand of iceblast (34)
 B - a wand of mindburst (7)
 E - a wand of charming (4)
 M - a wand of paralysis (14)
Scrolls
 b - 4 scrolls of magic mapping
 r - 2 scrolls of silence
 t - 12 scrolls of teleportation
 A - 3 scrolls of holy word
 N - 7 scrolls of fog
 S - 4 scrolls of blinking
 W - 3 scrolls of summoning
Potions
 d - 2 potions of haste
 e - 3 potions of mutation
 g - 9 potions of curing
 k - 7 potions of lignification
 l - 4 potions of berserk rage
 p - a potion of might
 u - 3 potions of magic
 z - 3 potions of resistance
 Q - 3 potions of cancellation
Miscellaneous
 c - a lightning rod (4/4)
 L - a box of beasts
 R - a tin of tremorstones (2/2)


   Skills:
 + Level 18.6 Fighting
 + Level 16.9 Axes
 - Level 8.0 Throwing
 * Level 13.7 Armour
 - Level 12.0 Dodging
 * Level 16.3 Shields
 * Level 15.0 Invocations
 * Level 9.6 Evocations


You had 21 spell levels left.
You didn't know any spells.
Your spell library contained the following spells:

 Spells                   Type           Power      Damage    Failure   Level
 Animate Skeleton         Necr           0%         N/A       100%        1
 Apportation              Tloc           0%         N/A       100%        1
 Beastly Appendage        Tmut           0%         N/A       100%        1
 Foxfire                  Conj/Fire      0%         2x1d4     100%        1
 Freeze                   Ice            0%         1d3       100%        1
 Magic Dart               Conj           0%         1d3       100%        1
 Pain                     Necr           0%         1d4       100%        1
 Shock                    Conj/Air       0%         1d3       100%        1
 Slow                     Hex            0%         N/A       100%        1
 Summon Small Mammal      Summ           0%         N/A       100%        1
 Blink                    Tloc           0%         N/A       100%        2
 Call Imp                 Summ           0%         N/A       100%        2
 Corpse Rot               Necr/Air       0%         N/A       100%        2
 Ensorcelled Hibernation  Hex/Ice        0%         N/A       100%        2
 Passwall                 Tmut/Erth      0%         N/A       100%        2
 Poisonous Vapours        Pois/Air       0%         N/A       100%        2
 Scorch                   Fire           0%         2d5       100%        2
 Searing Ray              Conj           0%         2d4       100%        2
 Static Discharge         Conj/Air       0%         N/A       100%        2
 Sublimation of Blood     Necr           0%         N/A       100%        2
 Wereblood                Tmut           0%         N/A       100%        2
 Call Canine Familiar     Summ           0%         N/A       100%        3
 Conjure Flame            Conj/Fire      0%         6-21      100%        3
 Dazzling Flash           Conj/Hex       0%         N/A       100%        3
 Gell's Gravitas          Tloc           0%         N/A       100%        3
 Inner Flame              Hex/Fire       0%         N/A       100%        3
 Lesser Beckoning         Tloc           0%         N/A       100%        3
 Mephitic Cloud           Conj/Pois/Air  0%         N/A       100%        3
 Ozocubu's Armour         Ice            0%         N/A       100%        3
 Portal Projectile        Hex/Tloc       0%         N/A       100%        3
 Spider Form              Tmut/Pois      0%         N/A       100%        3
 Stone Arrow              Conj/Erth      0%         3d7       100%        3
 Summon Guardian Golem    Hex/Summ       0%         N/A       100%        3
 Swiftness                Air            0%         N/A       100%        3
 Teleport Other           Tloc           0%         N/A       100%        3
 Tukima's Dance           Hex            0%         N/A       100%        3
 Vampiric Draining        Necr           0%         2d6       100%        3
 Airstrike                Air            0%         N/A       100%        4
 Animate Armour           Summ/Erth      0%         N/A       100%        4
 Animate Dead             Necr           0%         N/A       100%        4
 Dispel Undead            Necr           0%         3d6       100%        4
 Flame Wave               Conj/Fire      0%         2d4       100%        4
 Fulminant Prism          Conj/Hex       0%         3d6       100%        4
 Hailstorm                Conj/Ice       0%         3d3       100%        4
 Ice Form                 Ice/Tmut       0%         N/A       100%        4
 Iskenderun's Mystic Bla  Conj/Tloc      0%         2d3       100%        4
 Petrify                  Tmut/Erth      0%         N/A       100%        4
 Sticky Flame             Conj/Fire      0%         2d3       100%        4
 Summon Ice Beast         Ice/Summ       0%         N/A       100%        4
 Summon Lightning Spire   Summ/Air       0%         N/A       100%        4
 Alistair's Intoxication  Tmut/Pois      0%         N/A       100%        5
 Blade Hands              Tmut           0%         N/A       100%        5
 Borgnjor's Vile Clutch   Necr/Erth      0%         N/A       100%        5
 Excruciating Wounds      Necr           0%         N/A       100%        5
 Fireball                 Conj/Fire      0%         3d3       100%        5
 Freezing Cloud           Conj/Ice/Air   0%         6-21      100%        5
 Iskenderun's Battlesphe  Conj           0%         2d6       100%        5
 Lee's Rapid Deconstruct  Erth           0%         3d5*      100%        5
 Lightning Bolt           Conj/Air       0%         1d11      100%        5
 Manifold Assault         Tloc           0%         N/A       100%        5
 Metabolic Englaciation   Hex/Ice        0%         N/A       100%        5
 Summon Mana Viper        Hex/Summ       0%         N/A       100%        5
 Conjure Ball Lightning   Conj/Air       0%         3x3d6     100%        6
 Death Channel            Necr           0%         N/A       100%        6
 Dispersal                Tloc           0%         N/A       100%        6
 Eringya's Noxious Bog    Tmut/Pois      0%         N/A       100%        6
 Iron Shot                Conj/Erth      0%         9d1       100%        6
 Simulacrum               Ice/Necr       0%         N/A       100%        6
 Starburst                Conj/Fire      0%         6d3       100%        6
 Statue Form              Tmut/Erth      0%         N/A       100%        6
 Summon Cactus Giant      Summ           0%         N/A       100%        6
 Dragon Form              Tmut           0%         N/A       100%        7
 Haunt                    Necr/Summ      0%         N/A       100%        7
 Monstrous Menagerie      Summ           0%         N/A       100%        7
 Orb of Destruction       Conj           0%         9d5       100%        7
 Spellforged Servitor     Conj/Summ      0%         N/A       100%        7
 Summon Hydra             Summ           0%         N/A       100%        7
 Discord                  Hex            0%         N/A       100%        8
 Disjunction              Tloc           0%         N/A       100%        8
 Infestation              Necr           0%         N/A       100%        8
 Lehudib's Crystal Spear  Conj/Erth      0%         10d2      100%        8
 Maxwell's Capacitive Co  Air            0%         ∞         100%        8
 Dragon's Call            Summ           0%         N/A       100%        9
 Fire Storm               Conj/Fire      0%         5d1       100%        9
 Polar Vortex             Ice            0%         N/A       100%        9


Dungeon Overview and Level Annotations

Branches:
Dungeon (15/15)            Temple (1/1) D:5            Lair (6/6) D:10
 Shoals (4/4) Lair:4        Snake (4/4) Lair:3        Slime (0/5) Lair:6
    Orc (2/2) D:10            Elf (3/3) Orc:2        Vaults (3/5) D:14
  Crypt (0/3) Vaults:2     Depths (0/4) D:15         Bailey (visited)
  IceCv (visited)         Gauntlet (visited)

Altars:
Ashenzari
Cheibriados
Dithmenos
Elyvilon
Fedhas
Gozag
Hepliaklqana
Kikubaaqudgha
Makhleb
Nemelex Xobeh
Okawaru
Qazlal
Ru
Sif Muna
Trog
Uskayaw
Vehumet
Wu Jian
Xom
Yredelemnul
Zin
The Shining One

Shops:
Orc:2 !(*(:   Elf:2 :   Elf:3 =:   Shoals:1 *   Shoals:2 :   Snake:2 :
Vaults:2 (

Portals:
Abyss: D:3
Trove: D:12 (show abyssal rune of Zot)

Annotations:
Lair:1 2 transporters, axecop's ghost, journeyman DsAK
Elf:1 6 runed translucent doors
Vaults:3 Frederick


Innate Abilities, Weirdness & Mutations

You have razor-sharp teeth.
Your natural rate of healing is unusually fast.
When hurt, damage is shared between your health and your magic reserves.
Your bite disrupts and absorbs the magic of your enemies.
Potions cannot restore your health.


Message History

Sif Muna accepts your kill.
The runic seal fades away.
The yaktaur shoots a bolt.
The bolt completely misses you.
The bolt hits Frederick!!
A yaktaur captain comes into view.
Frederick gestures at you while chanting.
The iron shot hits you.
The yaktaur wields a +0 arbalest.
The yaktaur shoots a bolt.
You reflect the bolt off an invisible shield around you!
The bolt hits the yaktaur!!!
The vault warden activates a sealing rune.
The yaktaur shoots a bolt.
You reflect the bolt off an invisible shield around you!
The bolt hits the yaktaur!!
A vault warden comes into view. It is wielding a +2 war axe of flaming.
You block the vault sentinel's attack.
Frederick gestures at you while chanting.
The bolt of cold hits you! You resist.
Things that are here:
a +1 great mace; a +2 plate armour of willpower
As you read the scroll of summoning, it crumbles to dust.
Wisps of shadow whirl around you...
You feel less invigorated.
The yaktaur captain unwields a +0 arbalest.
You block the yaktaur captain's attack. You block the vault warden's attack.
The yaktaur shoots a bolt.
You reflect the bolt off an invisible shield around you!
The bolt hits the yaktaur!!
You kill the yaktaur!
Sif Muna accepts your kill.
The yaktaur captain wields a +0 arbalest.
The yaktaur captain shoots a bolt.
The bolt hits you!!
* * * LOW HITPOINT WARNING * * *
The vault sentinel blows a loud note on a signal horn!
Frederick casts a spell at you. The lance of force hits you!!!
* * * LOW HITPOINT WARNING * * *
You are knocked back by the lance of force.
You collide with the yaktaur!
The yaktaur is severely wounded.
The vault warden hits you with a +0 bardiche!!
You die...

###############
...............
..............
.............
#########...........
#.......+.9..Y......
#.......#.@p...Y....
#.......#..).Y......
#.......#...@p......
#.....<.#..pccY.....
#.......#...........
#.......#...c..p....
#.......#.......c...
#########......)....
..p......c..
.............


You could see Frederick (ally target), 2 vault wardens, a spellforged servitor
(summoned, ally target), 2 yaktaur captains, an ironbound frostheart, a vault
sentinel, 3 yaktaurs, 4 friendly dire elephants and a friendly ironbound
convoker (summoned).

Vanquished Creatures
  Vashnia (Snake:3)
  Saint Roka (Vaults:1)
  Jorgrun (Orc:1)
  2 deep elf master archers (Elf:3)
  A sphinx (Vaults:2)
  Frances (D:13)
  A kraken (Shoals:3)
  Donald (Vaults:2)
  Roxanne (Elf:1)
  An azure jelly (shapeshifter) (Elf:1)
  6 nagarajas
  5 deep elf sorcerers (Elf:3)
  Ilsuiw (Shoals:1)
  A frost giant (Shoals:4)
  5 vault wardens
  4 deep elf elementalists
  8 ironbound preservers
  The ghost of Zozzzanor the Peltast, an adept VSFi of Jiyva (Snake:4)
  A quicksilver ooze (shapeshifter) (D:15)
  A stone giant (Shoals:2)
  6 very ugly things
  5 deep elf demonologists
  2 ironbound thunderhulks
  7 deep elf annihilators
  Azrael (Elf:2)
  An entropy weaver (Vaults:2)
  A minotaur (Gauntlet)
  An ettin (Orc:2)
  9 deep elf death magi
  6 merfolk impalers
  A blizzard demon (Gauntlet)
  4 merfolk javelineers
  Erolcha (D:10)
  A great orb of eyes (Vaults:2)
  Harold (D:7)
  6 deep elf high priests
  4 yaktaur captains (Vaults:2)
  A peacekeeper (Vaults:2)
  10 hydras
  21 naga warriors
  6 ironbound frosthearts
  11 vault guards
  12 anacondas
  5 salamander tyrants
  8 boulder beetles
  8 centaur warriors
  3 merfolk avatars
  The ghost of Cancer the Geomancer, a journeyman GrEE of Vehumet (D:8)
  A merfolk aquamancer (Shoals:4)
  6 two-headed ogres
  A catoblepas (D:15)
  An alligator snapping turtle (Shoals:4)
  30 dancing weapons
  A death knight (D:9)
  A satyr (Shoals:2)
  A death yak (Lair:5)
  8 shock serpents
  2 tengu warriors
  16 naga sharpshooters
  2 orc high priests (Orc:2)
  24 deep elf knights
  2 titan skeletons (Vaults:2)
  4 skeletal warriors (Vaults:2)
  5 salamander mystics
  A sea snake (shapeshifter) (Elf:2)
  2 glowing orange brains
  13 sea snakes
  23 deep trolls
  7 naga ritualists
  31 deep elf pyromancers
  2 orange crystal statues (IceCv)
  19 harpies
  11 ironbound convokers
  5 wizards
  7 deep elf archers
  7 orc knights
  22 deep elf zephyrmancers
  10 lindwurms
  A tengu skeleton (Vaults:2)
  39 ugly things
  7 mana vipers
  21 manticores
  3 orc sorcerers
  5 oklob plants
  3 fauns (Shoals:2)
  15 cyclopes
  13 elephants
  29 salamanders
  26 naga magi
  4 guardian serpents
  2 stone giant skeletons (Vaults:2)
  38 black mambas
  9 vault sentinels
  Joseph (D:10)
  13 merfolk sirens
  A torpor snail (shapeshifter) (Elf:1)
  6 cane toads
  6 water nymphs
  An elf skeleton (Vaults:2)
  8 rime drakes
  An unseen horror (D:11)
  13 komodo dragons
  13 yaktaurs
  4 golden dragon simulacra (IceCv)
  5 human skeletons (Vaults:2)
  2 efreet
  5 freezing wraiths
  A queen bee (shapeshifter) (Vaults:2)
  7 tengu conjurers
  6 trolls
  2 yaktaur skeletons (Vaults:2)
  28 merfolk
  7 polar bears
  8 hornets
  8 wind drakes
  A raiju (shapeshifter) (D:13)
  35 slime creatures
  19 blink frogs
  15 dream sheep
  9 snapping turtles
  12 flying skulls (Gauntlet)
  An ettin skeleton (Vaults:2)
  A spriggan (shapeshifter) (Elf:1)
  2 water elementals (Shoals:4)
  Sigmund (D:4)
  2 vampires
  4 air elementals
  16 spriggans
  3 wraiths
  A shadow (D:11)
  8 small abominations
  A dire elephant simulacrum (IceCv)
  41 yaks
  7 wyverns
  5 basilisks
  4 fire elementals
  14 steam dragons
  3 redbacks (Vaults:2)
  6 vampire mosquitoes
  2 harpy simulacra (IceCv)
  7 wargs
  5 large abominations (Elf:1)
  3 acid dragons
  49 nagas
  2 hydra simulacra (IceCv)
  22 water moccasins
  3 hell hounds
  A sky beast (D:8)
  A hornet zombie (D:6)
  6 black bears
  An ice beast (D:7)
  8 ogres
  50 orc warriors
  An alligator simulacrum (IceCv)
  4 ettin simulacra (IceCv)
  2 necrophages (D:6)
  33 wolves
  23 centaurs
  3 boggarts (Lair:6)
  A phantom (D:7)
  The ghost of Drazool the Magician, an amateur DjNe (D:3)
  3 kobold brigands
  A gnoll sergeant (D:11)
  12 bullfrogs
  2 scorpions
  4 earth elementals
  A water moccasin zombie (D:7)
  2 lindwurm simulacra (IceCv)
  3 electric eels
  A vampire bat (D:5)
  12 wights
  6 howler monkeys
  5 centaur zombies
  13 orc priests
  4 hounds
  An iron imp (D:3)
  Jessica (D:3)
  3 iguanas
  5 hell rats (Lair:1)
  26 orc wizards
  2 killer bee zombies
  2 howler monkey zombies (D:9)
  7 gnolls
  4 adders
  14 river rats (Lair:1)
  3 shadow imps
  2 white imps
  2 ufetubi
  An adder skeleton (D:4)
  2 worms
  76 orcs
  9 ball pythons
  7 endoplasms
  4 giant cockroaches
  10 goblins
  5 hobgoblins
  9 jackals
  5 quokkas
  9 bats
  8 frilled lizards
  22 kobolds
  16 rats
  3 tentacles (Shoals:3)
1579 creatures vanquished.

Vanquished Creatures (collateral kills)
  An orc (Orc:2)
1 creature vanquished.

Vanquished Creatures (others)
  A merfolk aquamancer (Shoals:4)
  A salamander tyrant (Snake:4)
  2 deep elf knights
  A salamander mystic (Snake:4)
  2 deep elf zephyrmancers (Elf:1)
  A salamander (Snake:4)
  An ugly thing (Shoals:2)
  3 naga magi
  A naga (Snake:4)
  An acid dragon (Lair:2)
  An orc wizard (Elf:1)
  21 demonic plants (Gauntlet)
  2 fire vortices (Snake:4)
  16 fungi
  95 plants
  10 tentacles (Shoals:3)
159 creatures vanquished.

Grand Total: 1739 creatures vanquished

Notes
Turn   | Place    | Note
-------+----------+-------------------------------------------
     0 | D:1      | grumblor the Vine Stalker Fighter began the quest for the
                  | Orb.
     0 | D:1      | Reached XP level 1. HP: 11/11 MP: 2/2
    56 | D:1      | Reached XP level 2. HP: 8/16 MP: 0/3
   307 | D:1      | Found a faded altar of an unknown god.
   680 | D:1      | Reached XP level 3. HP: 19/19 MP: 4/4
  1077 | D:2      | Reached skill level 3 in Fighting
  1229 | D:2      | Reached skill level 1 in Dodging
  2270 | D:3      | Gained mutation: Your natural rate of healing is unusually
                  | fast. [Vine Stalker growth]
  2270 | D:3      | Reached XP level 4. HP: 24/24 MP: 5/5
  2280 | D:3      | Noticed Drazool's ghost (amateur DjNe)
  2281 | D:3      | Found a one-way gate to the infinite horrors of the Abyss.
  2297 | D:3      | Found a transporter.
  2298 | D:3      | Noticed a small abomination
  2299 | D:3      | Noticed a kobold brigand
  2752 | D:3      | Noticed Jessica
  2766 | D:3      | Killed Jessica
  2864 | D:3      | Reached XP level 5. HP: 28/28 MP: 6/6
  2939 | D:3      | Found a transporter.
  3449 | D:4      | Reached skill level 1 in Throwing
  3508 | D:4      | Noticed a water moccasin
  3510 | D:4      | Noticed an ogre
  3513 | D:4      | Killed a water moccasin
  3514 | D:4      | Reached XP level 6. HP: 26/32 MP: 7/7
  3827 | D:4      | Noticed Sigmund
  3845 | D:4      | Killed Sigmund
  3846 | D:4      | Reached XP level 7. HP: 30/36 MP: 4/8
  4069 | D:3      | Killed a small abomination
  4089 | D:3      | Killed Drazool's ghost
  4090 | D:3      | Gained mutation: You have razor-sharp teeth. [Vine Stalker
                  | growth]
  4090 | D:3      | Reached XP level 8. HP: 22/40 MP: 6/9
  4192 | D:5      | Entered Level 5 of the Dungeon
  4757 | D:5      | Reached skill level 5 in Axes
  4790 | D:5      | Found a staircase to the Ecumenical Temple.
  4806 | Temple   | Entered the Ecumenical Temple
  5046 | D:5      | Identified the +1 robe "Faemicod" {rC- rCorr Str-5 Int+7}
  5247 | D:5      | Reached skill level 1 in Evocations
  5779 | D:6      | Found an iron altar of Okawaru.
  5784 | D:6      | Found a basalt altar of Yredelemnul.
  5787 | D:6      | Found a blossoming altar of Fedhas.
  5894 | D:6      | Reached XP level 9. HP: 42/45 MP: 8/10
  6293 | D:7      | Reached skill level 4 in Fighting
  6618 | D:7      | Noticed Harold
  6657 | D:7      | Killed Harold
  6658 | D:7      | Reached skill level 5 in Armour
  6658 | D:7      | Reached skill level 5 in Shields
  6658 | D:7      | Reached XP level 10. HP: 33/51 MP: 0/11
  7323 | D:8      | Reached skill level 5 in Fighting
  7345 | D:8      | Found an ornate altar of the Wu Jian Council.
  7378 | D:8      | Noticed a two-headed ogre
  7397 | D:8      | Killed a two-headed ogre
  7833 | D:9      | Noticed a death knight
  7847 | D:9      | Killed a death knight
  7848 | D:9      | Reached skill level 6 in Fighting
  7848 | D:9      | Reached XP level 11. HP: 21/56 MP: 6/12
  8037 | D:9      | Noticed a cyclops
  8053 | D:9      | Noticed a centaur warrior
  8062 | D:8      | Killed a cyclops
  8218 | D:9      | Killed a centaur warrior
  8552 | D:9      | Noticed a two-headed ogre
  8562 | D:9      | Killed a two-headed ogre
  8679 | D:9      | Noticed a manticore
  8691 | D:9      | Found a runed translucent door.
  8693 | D:9      | Identified the +6 trident of Termination {flame, rElec}
  8696 | D:9      | Noticed Cancer's ghost (journeyman GrEE)
  8788 | D:9      | Killed a manticore
  9058 | D:9      | Found a burning altar of Makhleb.
  9177 | D:8      | Killed Cancer's ghost
  9178 | D:8      | Reached skill level 7 in Fighting
  9289 | D:10     | Entered Level 10 of the Dungeon
  9297 | D:10     | Found a flagged portal.
  9495 | Bailey   | Entered a bailey
  9890 | Bailey   | Reached skill level 10 in Shields
  9890 | Bailey   | Reached XP level 12. HP: 63/63 MP: 13/13
 10352 | D:10     | Reached XP level 13. HP: 60/67 MP: 14/14
 10394 | D:10     | Found a staircase to the Orcish Mines.
 10456 | D:10     | Found a staircase to the Lair.
 10483 | D:10     | Reached skill level 10 in Axes
 10559 | D:10     | Noticed Joseph
 10566 | D:10     | Killed Joseph
 10582 | D:10     | Found a bloodstained altar of Trog.
 10638 | D:10     | Found an ancient bone altar of Kikubaaqudgha.
 10640 | D:10     | Found a sparkling altar of Nemelex Xobeh.
 10668 | D:10     | Found a shimmering blue altar of Sif Muna.
 10672 | D:10     | Became a worshipper of Sif Muna the Loreminder
 10900 | D:10     | Noticed Erolcha
 10915 | D:10     | Killed Erolcha
 10988 | Lair:1   | Entered Level 1 of the Lair of Beasts
 11182 | D:10     | Reached skill level 5 in Invocations
 11552 | Lair:1   | Reached skill level 8 in Fighting
 11722 | Lair:1   | Reached * piety under Sif Muna
 11833 | Lair:1   | Reached ** piety under Sif Muna
 12013 | Lair:1   | Found a bloodstained altar of Trog.
 12013 | Lair:1   | Noticed axecop's ghost (journeyman DsAK)
 12020 | Lair:1   | Found a transporter.
 12145 | Lair:1   | Found a transporter.
 12345 | Lair:2   | Got Kapoiseu's Compendium of Hexes and the Mountains
 12653 | Lair:2   | Reached skill level 9 in Fighting
 13204 | Lair:2   | Reached *** piety under Sif Muna
 13626 | Lair:3   | Reached skill level 10 in Fighting
 13676 | Lair:3   | Reached XP level 14. HP: 74/77 MP: 20/20
 13915 | Lair:3   | Found a staircase to the Snake Pit.
 14030 | Lair:3   | Identified the +10 plate armour "Cues" {rN+}
 14991 | Lair:4   | Reached skill level 11 in Fighting
 15163 | Lair:4   | Found a staircase to the Shoals.
 15873 | Lair:5   | Reached **** piety under Sif Muna
 16125 | Lair:5   | Reached skill level 12 in Fighting
 17104 | Lair:6   | Entered Level 6 of the Lair of Beasts
 17266 | Lair:6   | Found a staircase to the Slime Pits.
 17296 | Lair:6   | Reached skill level 13 in Fighting
 17779 | Lair:6   | Reached ***** piety under Sif Muna
 17787 | Lair:6   | Reached XP level 15. HP: 86/86 MP: 22/22
 17788 | Lair:6   | Received a gift from Sif Muna
 18135 | Lair:6   | Reached skill level 14 in Fighting
 19096 | Orc:1    | Entered Level 1 of the Orcish Mines
 19113 | Orc:1    | Received a gift from Sif Muna
 19230 | Orc:2    | Entered Level 2 of the Orcish Mines
 19368 | Orc:2    | Found a staircase to the Elven Halls.
 19842 | Orc:2    | Noticed Jorgrun
 19916 | Orc:1    | Killed Jorgrun
 20330 | Orc:2    | Reached skill level 15 in Fighting
 20410 | Orc:2    | Found Itor's Book Shop.
 20424 | Orc:2    | Bought a manual of Dodging for 1440 gold pieces
 20483 | Orc:2    | Received a gift from Sif Muna
 20494 | Orc:2    | Got Sif Muna's Reference Book on Feathery Cold {god gift}
 21328 | Orc:2    | Found Xeudok's General Store.
 21328 | Orc:2    | Found Kuudacit's Weapon Shoppe.
 21330 | Orc:2    | Found Nabb's Distillery.
 21332 | Orc:2    | Found Jyletsapp's Antique Weapon Shop.
 21344 | Orc:2    | Bought a fine hand axe for 248 gold pieces
 21344 | Orc:2    | Identified the +8 hand axe "Ciylir" {vorpal, *Noise rC+
                  | Stlth+} (You bought it in a shop on level 2 of the Orcish
                  | Mines)
 21966 | D:11     | Reached skill level 10 in Invocations
 22541 | D:12     | Identified the +4 leather armour of the Devil's Team {rC+
                  | Str-5 Int+3}
 22585 | D:12     | Reached skill level 5 in Dodging
 22601 | D:12     | Identified the +3 halberd of Focus {elec, rC+++ Str-2 Dex+5
                  | SInv}
 22719 | D:12     | Identified the +1 chain mail "Maloatra" {rElec rF- rN+
                  | Dex+3}
 23019 | D:12     | Found a portal to a secret trove of treasure.
 23428 | D:13     | Identified a scroll of acquirement
 23429 | D:13     | Acquired a manual of Axes
 23476 | D:13     | Reached XP level 16. HP: 95/95 MP: 24/24
 23559 | D:13     | Reached skill level 5 in Evocations
 23585 | D:13     | Found a gate leading to a gauntlet.
 23594 | Gauntlet | Entered a Gauntlet
 23594 | Gauntlet | Found a transporter.
 23594 | Gauntlet | Found a transporter.
 23594 | Gauntlet | Found a transporter.
 23614 | Gauntlet | Found a transporter.
 23628 | Gauntlet | Found a transporter.
 23630 | Gauntlet | Found a transporter.
 23638 | Gauntlet | Found a transporter.
 23659 | Gauntlet | Found a transporter.
 23663 | Gauntlet | Found a transporter.
 23666 | Gauntlet | Found a transporter.
 23676 | Gauntlet | Found a transporter.
 23680 | Gauntlet | Found a transporter.
 23695 | Gauntlet | Found the macabre finger necklace {rN+}
 23908 | Gauntlet | Identified the ring of Finality {Ice rN+ MP+9 Str-3 Dex+4}
 23959 | Gauntlet | Identified the +0 pair of boots of Goacve {rC+}
 24012 | Gauntlet | Found the amulet of Vitality {Regen+ HP+15}
 24029 | Gauntlet | Identified the amulet "Viuq" {Spirit rC++ Str-5 Dex+4}
 24235 | D:13     | Noticed Frances
 24258 | D:13     | Killed Frances
 24810 | D:14     | You fall into a shaft and drop 1 floor!
 24810 | D:15     | Entered Level 15 of the Dungeon
 25179 | D:14     | Found a bloodstained altar of Trog.
 25567 | D:14     | Found a gate to the Vaults.
 25750 | D:15     | Reached skill level 16 in Fighting
 25842 | D:15     | Found a broken altar of Ashenzari.
 26397 | D:15     | Received a gift from Sif Muna
 26420 | D:15     | Identified the +9 dagger of Embarrassment {vorpal, rC+
                  | Str-5 Int+6}
 27054 | D:15     | Found a staircase to the Depths.
 27434 | Shoals:1 | Entered Level 1 of the Shoals
 27956 | Shoals:1 | Reached XP level 17. HP: 96/100 MP: 26/26
 28018 | Shoals:1 | Found Rat Xia's Mayhem Merchandise.
 28666 | Shoals:2 | Noticed Ilsuiw
 28959 | Shoals:1 | Killed Ilsuiw
 29031 | Shoals:1 | Received a gift from Sif Muna
 29037 | Shoals:1 | Got Nenehez's Volume of Lethal Creation {god gift}
 29112 | Shoals:2 | Found Qepif's Book Emporium.
 29137 | Shoals:2 | Found a frozen archway.
 29150 | IceCv    | Entered an ice cave
 29282 | IceCv    | Identified the +2 pair of gloves of Eternal Vigilance
                  | {rCorr}
 29680 | IceCv    | Identified the +1 flail "Moffen" {vorpal, rC+ Int-4 Dex+2}
 29844 | Shoals:2 | Identified the +4 scimitar of a treasure trove {flame,
                  | Dex+4}
 30860 | Shoals:3 | Received a gift from Sif Muna
 30861 | Shoals:3 | Reached skill level 15 in Axes
 30921 | Shoals:3 | Got Afexkuaru's Volume of Mutagenic Combat Magic {god gift}
 31219 | Shoals:3 | Noticed a kraken
 31242 | Shoals:3 | Killed a kraken
 31243 | Shoals:3 | Reached skill level 17 in Fighting
 31854 | Shoals:4 | Entered Level 4 of the Shoals
 32099 | Shoals:4 | Reached XP level 18. HP: 107/107 MP: 28/28
 32470 | Shoals:4 | Got a barnacled rune of Zot
 32736 | Shoals:4 | Reached skill level 10 in Dodging
 33348 | Elf:1    | Entered Level 1 of the Elven Halls
 34006 | Elf:1    | Found the +8 glaive of the Guard {elec, spectral, AC+5}
 34015 | Elf:1    | Identified the +12 scimitar "Death Rattle" {freeze, rElec
                  | rF++ Will- Dex+2}
 34108 | Elf:1    | Received a gift from Sif Muna
 34112 | Elf:1    | Got Sif Muna's Introduction to Wizardry {god gift}
 34188 | Elf:1    | Noticed a Tzitzimitl
 34397 | Elf:1    | Found a runed translucent gate.
 34397 | Elf:1    | Found a runed translucent gate.
 34397 | Elf:1    | Found a runed translucent gate.
 34397 | Elf:1    | Found a runed translucent gate.
 34397 | Elf:1    | Found a runed translucent gate.
 34402 | Elf:1    | Found a runed translucent gate.
 34442 | Elf:1    | Noticed a quicksilver dragon
 34442 | Elf:1    | a stone giant changed into a quicksilver dragon
 34456 | Elf:1    | a quicksilver dragon changed into an iron troll
 34664 | Elf:1    | Paralysed by an air elemental for 1 turns
 34953 | Elf:1    | Noticed Roxanne
 34983 | Elf:1    | Killed Roxanne
 35124 | Elf:2    | Noticed Azrael
 35227 | Elf:2    | Killed Azrael
 35567 | Elf:2    | Found a runed translucent gate.
 35567 | Elf:2    | Found a runed translucent gate.
 35569 | Elf:2    | Found a runed translucent gate.
 35736 | Elf:2    | Reached XP level 19. HP: 55/111 MP: 29/29
 36028 | Elf:2    | Found Gevvatz's Book Shop.
 36033 | Elf:2    | Bought a manual of Armour for 1440 gold pieces
 36910 | Elf:2    | Reached skill level 10 in Armour
 37136 | Elf:3    | Entered Level 3 of the Elven Halls
 37300 | Elf:3    | Found Zism's Jewellery Boutique.
 37304 | Elf:3    | Found Big Qop's Book Boutique.
 37649 | Elf:3    | Paralysed by an air elemental for 1 turns
 37714 | Elf:3    | Paralysed by an air elemental for 1 turns
 37717 | Elf:3    | Received a gift from Sif Muna
 37728 | Elf:3    | Got Sif Muna's Compendium of the Doomed Escort {god gift}
 37752 | Elf:3    | Noticed a Hell Sentinel
 37755 | Elf:3    | Noticed a Brimstone Fiend
 38303 | Elf:3    | Noticed a Hell Sentinel
 38305 | Elf:3    | Noticed a Hell Sentinel
 38309 | Elf:3    | Noticed a Tzitzimitl
 38314 | Elf:3    | Identified the +8 long sword of the Shore {vorpal, Fragile
                  | +Blink rF+}
 38315 | Elf:3    | Noticed a Hell Sentinel
 38636 | Elf:3    | Noticed a Brimstone Fiend
 39095 | Elf:3    | Noticed a Tzitzimitl
 39664 | Elf:3    | Noticed a Hell Sentinel
 39881 | Elf:3    | Reached skill level 5 in Throwing
 40217 | Elf:3    | Got Filagu's Guide on Heat
 40259 | Elf:3    | Got the Compendium of the Frostbite and Malediction
 40570 | Snake:1  | Entered Level 1 of the Snake Pit
 40837 | Snake:1  | Reached XP level 20. HP: 119/119 MP: 31/31
 41072 | Snake:1  | Received a gift from Sif Muna
 41090 | Snake:1  | Got Imeilookk's Almanac of Transmutation and Creation {god
                  | gift}
 41454 | Snake:2  | Found Luwuce Waom's Book Shop.
 41519 | Snake:2  | Reached skill level 18 in Fighting
 43186 | Snake:3  | Found a shadowy altar of Dithmenos.
 43429 | Snake:3  | Noticed Vashnia
 43474 | Snake:3  | Killed Vashnia
 43726 | Snake:4  | Entered Level 4 of the Snake Pit
 43891 | Snake:4  | Noticed Zozzzanor's ghost (adept VSFi)
 43899 | Snake:4  | Found a transporter.
 43902 | Snake:4  | Found a transporter.
 43949 | Snake:4  | Killed Zozzzanor's ghost
 44071 | Snake:4  | Received a gift from Sif Muna
 44101 | Snake:4  | Got Lehudib's Catalogue of Conjuration and the Mountains
                  | {god gift}
 44185 | Snake:4  | Reached XP level 21. HP: 19/123 MP: 32/32
 44190 | Snake:4  | HP: 4/123 [nagaraja/poison arrow (6)]
 44801 | Snake:4  | Got a serpentine rune of Zot
 44938 | Snake:4  | Identified the +4 quarterstaff of Iconoclasm {vorpal, rPois
                  | rN+ Str+2}
 45462 | Vaults:1 | Entered Level 1 of the Vaults
 45526 | Vaults:1 | Noticed Saint Roka
 45566 | Vaults:1 | Killed Saint Roka
 45766 | Vaults:1 | Reached skill level 15 in Shields
 46988 | Vaults:2 | Noticed Donald
 47007 | Vaults:2 | Killed Donald
 47380 | Vaults:2 | Reached XP level 22. HP: 129/129 MP: 34/34
 47937 | Vaults:2 | Received a gift from Sif Muna
 47957 | Vaults:2 | Found Feevimn's Weapon Shoppe.
 48156 | Vaults:2 | Reached skill level 15 in Invocations
 48241 | Vaults:2 | Found a staircase to the Crypt.
 48685 | Vaults:3 | Noticed Frederick
 48693 | Vaults:3 | Slain by a vault warden

Illustrated notes

Levels and vault maps discovered:
D:1:      minmay_arrival_shattered_statue, layout_basic,
          shapermc_ecumenical_altar_mp_ritualfount
D:2:      layout_loops_ring, lexackson_kobold_supper
D:3:      layout_loops_corners, gammafunk_ghost_abyssal_escape, uniq_jessica
D:4:      layout_basic, grunt_ministairs_1, minmay_starry_boxes, uniq_sigmund
D:5:      minmay_evil_eye, layout_basic, minmay_temple_entry_glass,
          kennysheep_path_1, minmay_misc_feat_tower, roderic_batcave
D:6:      layout_gridville, minmay_overflow_temple_star_quad,
          minmay_joined_circles
D:7:      layout_loops_ring, st_stairs_3, serial_bayou_crossing, uniq_harold
D:8:      layout_loops_ring, mainiacjoe_overflow_tiny_flanked
D:9:      cheibrodos_fzero, layout_cave_pools, marbit_many_paths,
          ebering_ghost_funeral_grove
D:10:     layout_cave_pools, led_sif_book, lemuel_tele_altar,
          mainiacjoe_overflow_concentric_impassable,
          nemelex_xobeh_ov_fountains_minmay, lair_entry_dummy, david_orc_3,
          enter_bailey_2, uniq_erolcha, uniq_joseph
D:11:     layout_basic, chequers_serial_rivers_room_b
D:12:     layout_small_grid, enter_trove_2,
          minmay_the_grid_square_5x5_3x3_mashed
          [minmay_the_grid_square_5x5_eight,
          minmay_the_grid_square_5x5_intrusive_squares,
          minmay_the_grid_square_5x5_three, minmay_the_grid_square_5x5_inner_i,
          minmay_the_grid_square_5x5_megaprize_crossed,
          minmay_the_grid_square_5x5_hollow_slash,
          minmay_the_grid_square_5x5_moneybag,
          minmay_the_grid_square_5x5_detours,
          minmay_the_grid_square_5x5_minimal]
D:13:     layout_loops_ring, gauntlet_entry_generic, uniq_frances
D:14:     layout_loops_cross, erik_vaults_1, minmay_splitting_lines,
          trog_hazing_becter
D:15:     gammafunk_enter_depths_forms, layout_layer_cave,
          hangedman_decor_opposing, ashenzari_conservatory_becter
Temple:   dshaligram_water_room_temple
Lair:1:   lemuel_ratsnest, layout_long_grid, gammafunk_ghost_wrathful_warriors,
          grunt_megastairs_2
Lair:2:   layout_cellular_growth, grunt_forest_small_clearings, minmay_holes,
          bobbens_dragon_lair_wall, lemuel_fruit_fields, serial_bayou_shore_a,
          lemuel_fruit_tree
Lair:3:   layout_cave_pods, minmay_snake_entry_guardpost_small,
          grunt_megastairs_1
Lair:4:   layout_cave_pods, minmay_shoals_entry_hut
Lair:5:   layout_cave_pods, beast_lair_carwin_7, grunt_megastairs_4
Lair:6:   minmay_lair_end_enchanted_forest, layout_cave_pods,
          minmay_slime_entry_oklob_open, minivault_24, serial_bayou_ford_a
Shoals:1: layout_shoals, minmay_shop_mayhem
Shoals:2: layout_shoals, serial_shops, shop_statue,
          portal_ice_cave_entry_ugly_swarm, nicolae_shoals_nautilus_by_nature,
          st_shoals_ruin, uniq_ilsuiw
Shoals:3: layout_shoals
Shoals:4: shoals_end_grunt_ice, layout_shoals
Snake:1:  layout_rooms, st_stairs_10, serial_bayou_shore_b
Snake:2:  layout_chambers, nicolae_take_the_stairs,
          hangedman_snake_corridor_cut, grunt_megastairs_5
Snake:3:  layout_layer_cave, basic_altar, uniq_vashnia
Snake:4:  snake_pit, layout_gridlike, gammafunk_ghost_arena
Orc:1:    layout_caves, minmay_orc_keep
Orc:2:    st_orc_rangers, layout_diamond_mine, serial_shops, shop,
          nooodl_orcs_dogs, uniq_jorgrun
Elf:1:    minmay_elf_arrival_plus, layout_gridlike, orc_legates, laboratory,
          uniq_roxanne
Elf:2:    nicolae_elf_blades_splatter_lattice [nicolae_blade_little_rooms],
          layout_gridlike, serial_shops, shop, uniq_azrael
Elf:3:    minmay_elf_hall_quartered_circle, layout_geoelf_diagonals,
          minmay_shop_star
Vaults:1: nicolae_vaults_windows_and_doors_thing, vaults_dpeg_diagonal,
          vaults_room_fours, v_rooms_6, vaults_standard_mumra_enter_the_diamond,
          v_misc_1, vaults_room_boxed, v_misc_24, vaults_mumra_chevron,
          nicolae_vaults_little_squares_2, nicolae_vaults_little_squares_4,
          layout_vaults_big_cross, uniq_saint_roka
Vaults:2: v_pattern_4, grunt_vaults_trifunnel,
          minmay_crypt_entry_skeletal_spiral, st_spiral_rooms,
          ontoclasm_vaults_misaligned, v_rooms_4,
          nicolae_vaults_network_quinsquares
          [nicolae_vaults_network_quincunx_subvault,
          nicolae_vaults_network_quincunx_subvault,
          nicolae_vaults_network_quincunx_subvault,
          nicolae_vaults_network_quincunx_subvault], hangedman_vaults_nails,
          v_misc_22, grunt_vaults_funnel, grunt_vaults_hallway_short,
          vaults_dpeg_spiral, vaults_room_pools, vaults_room_stairs_pillars,
          layout_vaults_omnigrid, serial_shops, nicolae_shop_stone, uniq_donald
Vaults:3: hangedman_vaults_stitches, st_cells, hangedman_vaults_restitches,
          nicolae_vaults_border_crossing, ontoclasm_vaults_ring_large,
          vaults_room_large_hall, vaults_mumra_minichess,
          nicolae_vaults_triangles, ontoclasm_vaults_shuriken,
          layout_vaults_chaotic_city, uniq_asterion, uniq_frederick,
          uniq_margery

Skill      XL: |  1  2  3  4  5  6  7  8  9 10 11 12 13 14 15 16 17 18 19 20 21 22 |
---------------+-------------------------------------------------------------------+-----
Axes           | 2 3 4 5 7 8 9 10 13 15 16 | 16.9
Fighting       | 3 4 6 7 10 13 15 16 17 18 | 18.6
Dodging        | 1 2 3 4 5 7 9 11 12 | 12.0
Throwing       | 1 2 3 4 5 6 7 8 |  8.0
Armour         | 3 4 5 6 7 8 9 11 12 13 | 13.7
Shields        | 3 4 5 6 10 11 12 14 15 16 | 16.3
Evocations     | 2 3 4 6 7 8 9 |  9.6
Invocations    | 7 9 10 11 12 13 14 15 | 15.0

Action                   |  1- 3 |  4- 6 |  7- 9 | 10-12 | 13-15 | 16-18 | 19-21 | 22-24 || total
-------------------------+-------+-------+-------+-------+-------+-------+-------+-------++-------
Melee: War axe           |   103 |    92 |   206 |   318 |   183 |    42 |  1712 |   290 ||  2946
       Bite              |    21 |    24 |    62 |   115 |   804 |  1129 |   824 |   175 ||  3154
       Hand axe          |       |       |       |       |  1860 |  2338 |   140 |       ||  4338
Throw: Dart              |       |    10 |    13 |    38 |    53 |    62 |   100 |       ||   276
       Boomerang         |       |       |       |    40 |    47 |    48 |     8 |       ||   143
       Throwing net      |       |       |       |       |     1 |     1 |     1 |       ||     3
       Javelin           |       |       |       |       |       |     9 |    20 |       ||    29
 Cast: Fire Storm        |       |       |       |       |       |       |     2 |       ||     2
       Discord           |       |       |       |       |       |       |     1 |       ||     1
Invok: Channel Magic     |       |       |       |       |     4 |    15 |    11 |     2 ||    32
       Divine Exegesis   |       |       |       |       |       |       |     3 |       ||     3
Evoke: Wand              |       |       |     2 |     5 |    14 |    18 |    11 |       ||    50
       Box of beasts     |       |       |       |       |     1 |     2 |       |       ||     3
       Lightning rod     |       |       |       |       |       |    14 |     3 |       ||    17
  Use: Scroll            |     2 |     5 |     6 |     3 |    16 |     6 |     8 |     1 ||    47
       Potion            |       |       |     1 |     1 |     2 |     7 |    11 |       ||    22
 Stab: Invisible         |       |       |       |       |       |     2 |    14 |       ||    16
Armor: Scale mail        |    49 |    24 |    10 |       |       |       |       |       ||    83
       Chain mail        |       |       |    36 |    56 |       |       |       |       ||    92
       Plate armour      |       |       |       |    73 |   856 |  1117 |   680 |    96 ||  2822
Dodge: Dodged            |    58 |    60 |   104 |   162 |   846 |   786 |   485 |    96 ||  2597
Block: Buckler           |    21 |    48 |   127 |   251 |  1356 |  1255 |   286 |       ||  3344
       Reflection        |       |     3 |     3 |    32 |    92 |    49 |   201 |     9 ||   389
       Tower shield      |       |       |       |       |       |       |  1877 |   408 ||  2285

Table legend: (Time is in decaauts)
 A = Elapsed time spent in this place.
 B = Non-inter-level travel time spent in this place.
 C = Inter-level travel time spent in this place.
 D = Time resting spent in this place.
 E = Time spent auto-exploring this place.
 F = Levels seen in this place.
 G = Mean time per level.
                   A        B        C        D        E       F      G
               +--------+--------+--------+--------+--------+-----+--------+
         Total |  47502 |  44980 |   2522 |   5934 |  26657 |  41 | 1158.6 |
       Dungeon |  15928 |  14648 |   1280 |    930 |  10272 |  15 | 1061.9 |
        Temple |     94 |     71 |     23 |      0 |     60 |   1 |   94.0 |
          Lair |   8154 |   7599 |    555 |    685 |   5023 |   6 | 1359.0 |
        Shoals |   4583 |   4429 |    154 |    273 |   2851 |   4 | 1145.8 |
     Snake Pit |   4665 |   4538 |    127 |    363 |   2792 |   4 | 1166.2 |
  Orcish Mines |   2732 |   2586 |    146 |    785 |   1068 |   2 | 1366.0 |
   Elven Halls |   6435 |   6292 |    143 |   2195 |   2338 |   3 | 2145.0 |
        Vaults |   3141 |   3051 |     90 |      0 |   2033 |   3 | 1047.0 |
        Bailey |    768 |    768 |      0 |    344 |    170 |   1 |  768.0 |
      Ice Cave |    567 |    567 |      0 |    325 |      0 |   1 |  567.0 |
      Gauntlet |    431 |    431 |      0 |     34 |     48 |   1 |  431.0 |
               +--------+--------+--------+--------+--------+-----+--------+

Top non-repeatable levels by time:
   Elf:2: 3226 daAuts
   Orc:2: 2027 daAuts
   Elf:3: 1876 daAuts
  Lair:6: 1786 daAuts
Vaults:2: 1758 daAuts
    D:15: 1509 daAuts
  Lair:4: 1442 daAuts
 Snake:2: 1374 daAuts
Vaults:1: 1337 daAuts
   Elf:1: 1332 daAuts
 Snake:3: 1303 daAuts
     D:3: 1301 daAuts
Shoals:1: 1285 daAuts
  Lair:1: 1265 daAuts
  Lair:2: 1250 daAuts
